 Dungeon Crawl Stone Soup version 0.24-b1-44-g37ad8b309f (webtiles) character file.

Game seed: 11868964088860728456, levelgen mode: deterministic

28173 Curus the Carver (level 13, -1/183 HPs)
             Began as a Minotaur Fighter on Oct 23, 2019.
             Was a High Priest of Trog.
             Slain by a six-headed hydra (6 damage)
             ... on level 6 of the Lair of Beasts.
             The game lasted 00:51:24 (11735 turns).

Curus the Carver (Minotaur Fighter)                Turns: 11735, Time: 00:51:25

Health: -1/183     AC: 25    Str: 28    XL:     13   Next: 8%
Magic:  0/17       EV:  7    Int:  7    God:    Trog [*****.]
Gold:   1007       SH: 15    Dex: 11    Spells: 12/12 levels left

rFire    + . .     SeeInvis .   a - +4 long sword
rCold    + . .     Gourm    .   c - +3 shield
rNeg     . . .     Faith    .   H - +1 plate armour
rPois    +         Spirit   +   (helmet restricted)
rElec    .         Reflect  .   x - scarf {rC+ rF+}
rCorr    .         Harm     .   C - +0 pair of gloves
MR       .....                  p - +1 pair of boots
Stlth    ..........             j - amulet of guardian spirit
HPRegen  0.80/turn              e - +4 ring of protection
MPRegen  0.15/turn              L - ring of poison resistance

@: berserking, very quick
A: retaliatory headbutt, horns 2, talons 1, regeneration 1
a: Berserk, Trog's Hand, Brothers in Arms, Renounce Religion


You were on level 6 of the Lair of Beasts.
You worshipped Trog.
Trog was extremely pleased with you.
You were not hungry.

You visited 2 branches of the dungeon, and saw 15 of its levels.
You also visited: Ice Cave.

You collected 1007 gold pieces.

Inventory:

Hand Weapons
 a - a +4 long sword (weapon)
Armour
 b - a +0 scale mail
 c - a +3 shield (worn)
 o - a +0 chain mail
 p - a +1 pair of boots (worn)
 w - a +0 plate armour
 x - a scarf of resistance (worn)
 z - a +0 cloak
 C - a +0 pair of gloves (worn)
 H - a +1 plate armour (worn)
Jewellery
 e - a +4 ring of protection (left hand)
 j - an amulet of guardian spirit (around neck)
 m - an uncursed ring of positive energy
 r - an uncursed amulet of magic regeneration
 s - a cursed amulet of inaccuracy
 A - a +5 ring of intelligence
 B - an uncursed amulet of regeneration
 F - an uncursed ring of attention
 L - a ring of poison resistance (right hand)
Wands
 q - a wand of iceblast (9)
 D - a wand of disintegration (12)
 E - a wand of acid (10)
 I - a wand of scattershot (8)
 J - a wand of paralysis (2)
 M - a wand of random effects (15)
Scrolls
 g - 10 scrolls of identify
 h - 3 scrolls of immolation
 i - 5 scrolls of remove curse
 n - 6 scrolls of fog
 v - 5 scrolls of magic mapping
 y - 2 scrolls of teleportation
 G - a scroll of summoning
Potions
 d - 3 potions of might
 k - 5 potions of heal wounds
 l - 6 potions of curing
 t - 4 potions of brilliance
 u - 3 potions of resistance
 N - a potion of flight
Comestibles
 f - 27 rations


   Skills:
 + Level 13.1 Fighting
 - Level 14.2 Long Blades
 + Level 13.1 Armour
 - Level 10.0 Shields
 - Level 7.0 Evocations


You had 12 spell levels left.
You didn't know any spells.
Your spell library was empty.

Dungeon Overview and Level Annotations

Branches:
Dungeon (9/15)             Temple (0/1) D:6            Lair (6/6) D:9
  Swamp (0/4) Lair:4       Spider (0/4) Lair:3        IceCv (visited)
  Slime: Lair:5-6       Orc: D:9-12

Altars:
Cheibriados
Nemelex Xobeh
Okawaru
Qazlal
Trog
Uskayaw
Vehumet
Xom
The Shining One


Innate Abilities, Weirdness & Mutations

You reflexively headbutt those who attack you in melee.
You have a pair of horns on your head.
You have sharp toenails.
Your natural rate of healing is unusually fast.


Message History

You slash the spiny frog!
The spiny frog is heavily wounded.
You block the wolf's attack.
A dream sheep comes into view.
You block the spiny frog's attack. The eight-headed hydra bites you.
* * * LOW HITPOINT WARNING * * *
The eight-headed hydra barely misses you.
The eight-headed hydra bites you.
* * * LOW HITPOINT WARNING * * *
The eight-headed hydra barely misses you.
The eight-headed hydra bites you but does no damage.
You block the eight-headed hydra's attack.
The eight-headed hydra barely misses you.
The eight-headed hydra bites you but does no damage.
The six-headed hydra bites you!
* * * LOW HITPOINT WARNING * * *
The six-headed hydra barely misses you.
The six-headed hydra bites you but does no damage.
The six-headed hydra bites you.
You die...

#.... #..Y
##.. ###..##
#...<.##
#..Y.†P#
##F..###PP.
#hD.....P...
#@FrFh......
#Drr.......P
#.Tr........
#..rr.......
##.###......
P.. .....#
#.. .....
.#.. .P


You could see an eight-headed hydra, a six-headed hydra, 2 spiny frogs, a blink
frog, 2 wolves, 2 dream sheep, 6 hell rats and a friendly iron troll (berserk).

Vanquished Creatures
  Rupert (Lair:4)
  A hydra (Lair:2)
  A two-headed ogre (D:8)
  Sonja (Lair:3)
  2 ugly things (IceCv)
  4 elephants (Lair:4)
  3 ice statues (IceCv)
  5 black mambas
  A torpor snail (Lair:3)
  5 spiny frogs
  A rime drake (Lair:3)
  8 komodo dragons
  2 bog bodies (Lair:4)
  8 hippogriffs
  12 blink frogs
  3 dream sheep (Lair:3)
  A spriggan (D:7)
  A vampire (D:9)
  13 yaks
  A basilisk (Lair:4)
  8 water moccasins
  5 porcupines
  2 orc warriors
  16 ice beasts
  A black bear (D:7)
  A necrophage (D:7)
  6 ogres
  19 wolves (Lair:6)
  2 phantoms
  A centaur (D:7)
  12 crocodiles
  9 bullfrogs
  A gnoll sergeant (D:4)
  A scorpion (D:7)
  3 howler monkeys
  4 crimson imps
  A quasit (D:9)
  5 jellies
  A bullfrog skeleton (D:7)
  3 hounds (D:5)
  4 orc priests
  A gnoll shaman (D:6)
  4 orc wizards
  8 worker ants
  A hell rat (Lair:6)
  A hound zombie (D:5)
  Robin (D:3)
  A howler monkey zombie (D:7)
  2 worker ant zombies
  10 adders
  9 gnolls
  2 oozes (D:2)
  An adder skeleton (D:6)
  2 worms (D:2)
  A dart slug (D:2)
  6 leopard geckos
  52 orcs
  4 ball pythons
  5 giant cockroaches
  13 goblins
  8 hobgoblins
  17 jackals
  3 quokkas
  8 bats
  5 frilled lizards
  A giant cockroach zombie (D:5)
  A jackal zombie (D:6)
  5 kobolds
  2 leopard gecko skeletons (D:4)
  7 rats
360 creatures vanquished.

Vanquished Creatures (collateral kills)
  2 blink frogs (Lair:6)
  2 wolves (Lair:6)
4 creatures vanquished.

Vanquished Creatures (others)
  A goblin (D:3)
  9 fungi
  5 plants
15 creatures vanquished.

Grand Total: 379 creatures vanquished

Notes
Turn   | Place    | Note
-------+----------+-------------------------------------------
     0 | D:1      | Curus the Minotaur Fighter began the quest for the Orb.
     0 | D:1      | Reached XP level 1. HP: 19/19 MP: 0/0
   178 | D:1      | Reached skill level 3 in Long Blades
   598 | D:2      | Reached XP level 2. HP: 26/26 MP: 1/1
   673 | D:2      | Reached skill level 4 in Long Blades
   685 | D:2      | Reached XP level 3. HP: 19/31 MP: 2/2
   825 | D:2      | Found a sparkling altar of Nemelex Xobeh.
   897 | D:2      | Reached skill level 5 in Long Blades
  1025 | D:3      | Reached XP level 4. HP: 29/39 MP: 1/3
  1188 | D:3      | Noticed Robin
  1218 | D:3      | Killed Robin
  1218 | D:3      | Reached skill level 6 in Long Blades
  1464 | D:3      | Reached XP level 5. HP: 39/45 MP: 4/4
  1826 | D:3      | Found a bloodstained altar of Trog.
  1834 | D:3      | Became a worshipper of Trog the Wrathful
  2205 | D:3      | Noticed a phantom
  2220 | D:3      | Killed a phantom
  2220 | D:3      | Reached skill level 7 in Long Blades
  2220 | D:3      | Reached XP level 6. HP: 46/51 MP: 5/5
  2368 | D:4      | Reached skill level 8 in Long Blades
  2593 | D:4      | Reached skill level 9 in Long Blades
  2593 | D:4      | Reached XP level 7. HP: 40/57 MP: 6/6
  2985 | D:5      | Entered Level 5 of the Dungeon
  3031 | D:5      | Reached * piety under Trog
  3031 | D:5      | Reached skill level 10 in Long Blades
  3229 | D:5      | Found a hide-covered altar of Uskayaw.
  3230 | D:5      | Found a shimmering altar of Xom.
  3230 | D:5      | Found a sparkling altar of Nemelex Xobeh.
  3235 | D:5      | Found a glowing golden altar of the Shining One.
  3436 | D:5      | Reached skill level 11 in Long Blades
  3669 | D:5      | Reached XP level 8. HP: 54/64 MP: 3/7
  3823 | D:5      | Found a stormy altar of Qazlal.
  4292 | D:6      | Reached skill level 12 in Long Blades
  4735 | D:6      | Found a staircase to the Ecumenical Temple.
  5354 | D:7      | Reached skill level 13 in Long Blades
  5443 | D:7      | Reached ** piety under Trog
  5481 | D:7      | Reached XP level 9. HP: 69/70 MP: 8/8
  5487 | D:7      | Found a snail-covered altar of Cheibriados.
  5776 | D:7      | Reached skill level 14 in Long Blades
  5875 | D:8      | Noticed a two-headed ogre
  5898 | D:8      | Killed a two-headed ogre
  6424 | D:9      | Found a bloodstained altar of Trog.
  6699 | D:9      | Reached *** piety under Trog
  6699 | D:9      | Reached XP level 10. HP: 49/86 MP: 4/9
  6809 | D:9      | Found an iron altar of Okawaru.
  6833 | D:9      | Found a staircase to the Lair.
  6843 | Lair:1   | Entered Level 1 of the Lair of Beasts
  6866 | Lair:1   | Noticed a black mamba
  6875 | Lair:1   | Killed a black mamba
  6875 | Lair:1   | Reached skill level 1 in Evocations
  6897 | Lair:1   | Found a frozen archway.
  6912 | Lair:1   | Reached skill level 5 in Shields
  6926 | Lair:1   | Received a gift from Trog
  7040 | IceCv    | Entered an ice cave
  7123 | IceCv    | Noticed a white ugly thing
  7137 | IceCv    | Killed a white ugly thing
  7203 | IceCv    | Noticed an ice statue
  7203 | IceCv    | Noticed an ice statue
  7204 | IceCv    | Noticed an ice statue
  7222 | IceCv    | Killed an ice statue
  7222 | IceCv    | HP: 6/129 [ice statue] (5)]
  7527 | IceCv    | Noticed a white ugly thing
  7550 | IceCv    | Killed an ice statue
  7550 | IceCv    | Reached skill level 5 in Evocations
  7584 | IceCv    | Killed an ice statue
  7604 | IceCv    | Killed a white ugly thing
  7716 | Lair:1   | Reached XP level 11. HP: 60/92 MP: 12/14
  7805 | Lair:1   | Gained mutation: You have sharp toenails. [potion of
                  | mutation]
  7805 | Lair:1   | Gained mutation: Your natural rate of healing is unusually
                  | fast. [potion of mutation]
  8456 | Lair:2   | Reached skill level 10 in Shields
  8605 | Lair:2   | Reached **** piety under Trog
  8625 | Lair:2   | Noticed a five-headed hydra
  8633 | Lair:2   | Killed a nine-headed hydra
  9202 | Lair:3   | Found a radiant altar of Vehumet.
  9430 | Lair:3   | Reached XP level 12. HP: 95/106 MP: 14/16
  9432 | Lair:3   | Reached skill level 10 in Fighting
  9604 | Lair:3   | Found a hole to the Spider Nest.
  9615 | Lair:3   | Noticed Sonja
  9624 | Lair:3   | Paralysed by Sonja for 2 turns
  9634 | Lair:3   | Killed Sonja
  9634 | Lair:3   | Reached skill level 10 in Armour
 10211 | Lair:4   | Noticed Rupert
 10226 | Lair:4   | Killed Rupert
 10562 | Lair:4   | Found a staircase to the Swamp.
 11285 | Lair:5   | Reached ***** piety under Trog
 11660 | Lair:6   | Entered Level 6 of the Lair of Beasts
 11694 | Lair:6   | Reached XP level 13. HP: 87/119 MP: 13/17
 11735 | Lair:6   | HP: 5/183 [six-headed hydra (6)]
 11735 | Lair:6   | Slain by a six-headed hydra

Skill      XL: |  1  2  3  4  5  6  7  8  9 10 11 12 13 |
---------------+----------------------------------------+-----
Long Blades    | 3 4 5 6 7 9 11 13 14 | 14.2
Fighting       | 7 9 12 13 | 13.1
Armour         | 7 9 12 13 | 13.1
Shields        | 8 10 | 10.0
Evocations     | 5 7 |  7.0

Action                   |  1- 3 |  4- 6 |  7- 9 | 10-12 | 13-15 || total
-------------------------+-------+-------+-------+-------+-------++-------
Melee: Long sword        |    87 |   185 |   438 |   747 |    38 ||  1495
       Headbutt          |    22 |    25 |    73 |   176 |    10 ||   306
Invok: Berserk           |       |       |     3 |     3 |     1 ||     7
       Trog's Hand       |       |       |       |     2 |       ||     2
       Brothers in Arms  |       |       |       |       |     1 ||     1
Evoke: Wand              |       |       |       |     5 |       ||     5
  Use: Scroll            |     8 |     2 |     9 |     7 |       ||    26
       Potion            |     4 |       |     2 |     5 |       ||    11
  Eat: Chunk             |       |     3 |    14 |    17 |       ||    34
       Ration            |       |     1 |       |     1 |     1 ||     3
Armor: Scale mail        |    57 |     2 |       |       |       ||    59
       Chain mail        |       |   121 |    71 |       |       ||   192
       Plate armour      |       |       |   100 |   320 |    98 ||   518
Dodge: Dodged            |    39 |    47 |    53 |   119 |    55 ||   313
Block: Shield            |    50 |   140 |   204 |   469 |    98 ||   961
       Rpst.: Long sword |     8 |     7 |     7 |    33 |     9 ||    64
